 Dungeon Crawl Stone Soup version 0.16-a0-262-g6fc725f (webtiles) character file.

643773 Ololoev the Wrestler (level 27, -6/254 (255) HPs)
             Began as a Troll Monk on Aug 22, 2014.
             Was a Favourite Plaything of Xom.
             Killed by the air
             ... invoked by a spriggan air mage
              (17 damage)
             ... on Level 14 of a ziggurat on Aug 25, 2014.
             The game lasted 09:42:40 (84677 turns).

Ololoev the Wrestler (Troll Monk)                  Turns: 84677, Time: 09:42:41

HP  -6/254 (255) AC 39     Str 35      XL: 27
MP  37/37        EV 12     Int  8      God: Xom
Gold 4485        SH 31     Dex 20      Spells:  7 memorised,  5 levels left

rFire  + . .     SeeInvis +       - Unarmed
rCold  + + .     Clarity  .     S - +3 gold dragon armour
rNeg   + + +     rCorr    .     k - +18 shield of the gong {rElec rN+ MR+ EV-5}
rPois  +         rRot     .     u - +2 hat {MR+}
rElec  +         Spirit   .     P - +1 cloak "Gramur" {+Inv rN+ SInv}
SustAb .         Warding  .     (gloves unavailable)
rMut   .         Stasis   .     (boots unavailable)
Gourm  +                        x - amulet of rage
MR     ++++.                    y - ring of the Cast Vote {rN+ Str+3 Stlth+}
                                w - ring of Xom's Fair Game {AC+4 Str+4 Int+3}

@: exhausted, very slightly contaminated, slowed, very slow, incredibly
resistant to hostile enchantments, extremely unstealthy
A: unfitting armour, claws 3, repulsion field 1, rough black scales 1,
camouflage 1, blink 2, breathe flames 1, cold resistance 1, fast metabolism 3,
frail 1, gourmand, regeneration 2, saprovore 2, shaggy fur 1, electricity
resistance, spit poison 3, tough skin 2, wild magic 1, forlorn
a: Spit Poison, Blink, Renounce Religion, Breathe Fire, Evoke Berserk Rage,
Evoke Invisibility
}: 3/15 runes: serpentine, barnacled, silver


You were on level 14 of a ziggurat.
You worshipped Xom.
You were a favourite toy of Xom.
You were full.

You visited 10 branches of the dungeon, and saw 56 of its levels.
You visited the Abyss 2 times.
You visited 1 Ziggurat, and saw 14 of its levels.
You also visited: Volcano and Wizlab.

You collected 8201 gold pieces.
You spent 3711 gold pieces at shops.

Inventory:

Missiles
 C - 79 large rocks (quivered)
Armour
 a - a +5 shield of resistance
 k - the +18 shield of the gong (worn) {rElec rN+ MR+ EV-5}
   (You found it on level 13 of a ziggurat)

   It affects your evasion (-5).
   It insulates you from electricity.
   It protects you from negative energy.
   It affects your resistance to hostile enchantments.
 u - a +2 hat of magic resistance (worn)
 P - the +1 cloak "Gramur" (worn) {+Inv rN+ SInv}
   (You acquired it on level 3 of the Vaults)

   It protects you from negative energy.
   It enhances your eyesight.
   It lets you turn invisible.
 S - a +3 gold dragon armour (worn)
Magical devices
 j - a wand of hasting (3)
 m - a wand of heal wounds (1)
 r - a wand of hasting (3)
 E - a wand of digging (7)
 I - a wand of teleportation (1)
 J - a wand of disintegration (11)
Comestibles
 b - 24 meat rations
 o - 18 fruits
 t - 31 bread rations
Scrolls
 n - 12 scrolls of recharging
 q - 10 scrolls of magic mapping
 A - 2 scrolls of teleportation
 D - 21 scrolls of identify
 F - 18 scrolls of remove curse
 G - a scroll of acquirement
 H - 3 scrolls of silence
 O - 3 scrolls of blinking
 T - 6 scrolls of fear
Jewellery
 g - a +6 ring of evasion
 h - the ring of Freagaes {rF+ EV+5, unknown}
   (You found it on level 14 of a ziggurat)

   [ring of evasion]

   It affects your evasion (+5).
   It protects you from fire.
 w - the ring of Xom's Fair Game (left claw) {AC+4 Str+4 Int+3}
   (You bought it in a shop on level 5 of the Dungeon)

   [ring of protection]

   It affects your AC (+4).
   It affects your strength (+4).
   It affects your intelligence (+3).
 x - an amulet of rage (around neck)
 y - the ring of the Cast Vote (right claw) {rN+ Str+3 Stlth+}
   (You took it off a draconian caller on level 5 of the Realm of Zot)

   [ring of positive energy]

   It affects your strength (+3).
   It protects you from negative energy.
   It makes you more stealthy.
 K - the ring "Psoff" {Contam MR+ Dex+2}
   (You found it on level 12 of a ziggurat)

   [ring of protection from magic]

   It affects your dexterity (+2).
   It affects your resistance to hostile enchantments.
   It causes magical contamination when unequipped.
 W - an uncursed ring of teleport control
 Y - an uncursed amulet of clarity
Potions
 f - 2 potions of porridge
 i - 4 potions of cure mutation
 p - 2 potions of resistance
 z - 9 potions of might
 B - 13 potions of restore abilities
 M - 5 potions of agility
 R - 3 potions of cancellation
Magical staves
 V - an uncursed staff of wizardry
Miscellaneous
 c - a lamp of fire (inert)
 d - an ornate deck of wonders
 v - a lamp of fire (inert)
 N - a lamp of fire (inert)
 Z - a lamp of fire (inert)


   Skills:
 - Level 18.4 Fighting
 - Level 8.0 Throwing
 + Level 16.3 Armour
 + Level 16.0 Dodging
 - Level 1.1 Stealth
 - Level 10.1 Shields
 - Level 25.2 Unarmed Combat
 - Level 4.5 Charms
 - Level 11.0 Transmutations
 - Level 4.6 Air Magic
   Level 1.3 Invocations
 - Level 15.1 Evocations


You had 5 spell levels left.
You knew the following spells:

 Your Spells              Type           Power        Failure   Level  Hunger
a - Beastly Appendage     Trmt           ####..       19%         1    ##.....
b - Blade Hands           Trmt           ####......   100%        5    ######.
c - Repel Missiles        Chrm/Air       ##....       99%         2    ###....
d - Swiftness             Chrm/Air       ##......     99%         2    ###....
e - Flight                Chrm/Air       ##........   100%        3    ####...
f - Stoneskin             Trmt/Erth      ##......     98%         2    ###....
g - Statue Form           Trmt/Erth      ##.......    100%        6    #######


Dungeon Overview and Level Annotations

Branches:
Dungeon (15/15)            Temple (1/1) D:6             Orc (4/4) D:11
    Elf (3/3) Orc:4          Lair (8/8) D:11         Shoals (5/5) Lair:4
  Snake (5/5) Lair:6        Slime (0/6) Lair:8       Vaults (5/5) D:13
 Depths (5/5) D:15            Zot (5/5) Depths:5
  Crypt: Vaults:2-3

Altars:
Ashenzari
Cheibriados
Dithmenos
Elyvilon
Fedhas
Gozag
Kikubaaqudgha
Makhleb
Nemelex Xobeh
Okawaru
Qazlal
Sif Muna
Trog
Vehumet
Xom
Yredelemnul
Zin
The Shining One

Shops:
D:5 =   D:10 *   Orc:4 }}::(   Shoals:4 :   Shoals:5 !   Snake:2 (   Vaults:5 (
Depths:5 *:[

Portals:
Hell: Depths:1 Depths:2 Depths:4 Depths:5
Abyss: Depths:1 Depths:3 Depths:4
Pandemonium: Depths:1 Depths:3 Depths:4

Annotations:
Snake:2 exclusion: Roxanne, Roxanne


Innate Abilities, Weirdness & Mutations

You are too large for most types of armour.
You have claws for hands.
Your metabolism is lightning-fast.
You like to eat raw meat.
You heal very quickly.
You can eat rotten meat.
You are covered in fur (AC +1).
You have very tough skin (AC +2).
You are surrounded by a mild repulsion field (EV +2).
You are partially covered in rough black scales (AC +4, Dex -1).
Your skin changes colour to match your surroundings (Stealth).
You are good at translocating small distances at will.
You can breathe flames.
Your flesh is cold resistant.
You are frail (-10% HP).
You are resistant to electric shocks.
You can spit strong poison.
Your spells are a little harder to cast, but a little more powerful.
You have difficulty communicating with the divine.


Message History

The storm dragon breathes lightning at you.
The bolt of lightning misses the electric golem.
The bolt of lightning hits you! You resist.
* * * LOW HITPOINT WARNING * * *
The shock serpent bites you but does no damage.
The storm dragon closely misses you. The storm dragon barely misses you.
The storm dragon barely misses you. You block the raiju's attack.
GONNNNG!
The electric golem throws lightning at you.
The bolt of lightning hits you! You resist.
* * * LOW HITPOINT WARNING * * *
The insubstantial wisp hits you but does no damage.
The storm dragon bites you but does no damage.
The storm dragon barely misses you. You block the storm dragon's attack.
GONNNNG!
The boulder beetle curls into a ball and starts rolling!
The spriggan air mage waves its arms in wide circles.
The air twists around and strikes you!
You die...
Xom cackles wildly!

**▓.............▓**
▓▓.................▓▓
▓▓...................▓
▓.....................
▓▓.....................
▓..§...................
▓...................§..
▓}:=...D8.#####..§...§.
▓▓|∩[)h@SBi##h##§8E§....
▓[[>$|v8Dh.#...#CE..E..§
▓▓[∩.:.DvC.B...#§.C.....
▓}.)....BC..%[#§§§§vi..
▓........§....§....§...
▓......%..........§.B§§
▓▓................D8§.§
▓................§§8..
▓▓...................▓


You could see 2 electric golems, 2 titans, 3 storm dragons, 2 boulder beetles, a
shock serpent, a spriggan air mage, a boring beetle, 2 raiju and 2 insubstantial
wisps.

Vanquished Creatures
  2 orbs of fire (Zot:5)
  2 ancient liches
  Boris (twice) (Vaults:4 Depths:5)
  A Killer Klown (Zot:5)
  10 golden dragons
  Frederick (Vaults:4)
  An electric golem (Zot:1)
  Nikola (Depths:3)
  A pandemonium lord (Zig:9)
  16 tentacled monstrosities
  4 deep elf master archers
  15 titans
  8 deep elf blademasters
  7 Orb Guardians (Zot:5)
  4 quicksilver dragons
  7 liches
  The ghost of vatarom the Earth Mage, a mighty GrEE of Vehumet (Shoals:5)
  2 Executioners (Zig:9)
  17 storm dragons
  3 octopode crushers (Depths:3)
  2 ancient champions (WizLab)
  A tentacled starspawn (Abyss:1)
  A warmonger (Zig:9)
  Frances (D:15)
  6 sphinxes
  Kirke (Snake:2)
  5 draconian monks
  6 shadow dragons
  8 tengu reavers
  Ilsuiw (Shoals:5)
  25 fire giants
  3 greater nagas (Snake:5)
  Donald (Vaults:2)
  4 deep elf sorcerers
  An azure jelly (shapeshifter) (Depths:3)
  5 draconian knights
  6 draconian scorchers
  20 frost giants
  5 emperor scorpions
  7 draconian zealots
  20 vault wardens
  2 balrugs
  The ghost of runewalsh the Black Belt, a mighty OpTm of Okawaru (Shoals:1)
  2 iron dragons
  2 orc warlords (Zig:13)
  2 draconian annihilators (Zig:10)
  A reaper (Zig:7)
  48 stone giants
  A stone giant (shapeshifter) (Vaults:5)
  2 draconian shifters
  7 draconian callers
  3 rakshasas
  2 vampire knights (Depths:3)
  A corrupter (Zig:9)
  A curse skull (Zig:13)
  19 very ugly things
  2 spriggan defenders
  A green draconian (shapeshifter) (Elf:3)
  10 deep elf demonologists
  A war gargoyle (Zig:13)
  11 grey draconians
  8 mottled draconians
  5 purple draconians
  8 white draconians
  4 pale draconians
  A chaos champion (Zig:9)
  7 red draconians
  8 green draconians
  9 yellow draconians
  10 dire elephants
  9 black draconians
  A black sun (Zig:9)
  11 deep elf annihilators
  4 merfolk javelineers
  2 crystal guardians (Vaults:4)
  A green death (Zig:4)
  2 blizzard demons (Zig:8)
  14 ettins
  10 deep elf death magi
  2 quicksilver dragon zombies (Zig:7)
  29 vault guards
  6 small abominations
  3 minotaurs
  8 merfolk impalers (Shoals:5)
  Josephine (D:13)
  21 yaktaur captains
  26 fire dragons
  8 deep elf high priests
  18 ironheart preservers
  A ravenous feature mimic (Depths:3)
  3 spriggan air magi
  8 death cobs
  6 great orbs of eyes
  11 naga warriors
  9 hydras
  19 ice dragons
  An alligator (Zig:3)
  A death knight (Zig:1)
  5 large abominations
  5 merfolk aquamancers
  An alligator snapping turtle (Depths:2)
  12 centaur warriors
  2 satyrs
  A siren (Shoals:5)
  13 deep troll earth magi
  4 spriggan berserkers
  12 anacondas
  16 deep troll shamans
  2 tengu warriors
  24 ogre magi
  A titan zombie (Depths:4)
  A dancing weapon (Vaults:2)
  2 vampire magi
  An orc high priest (Elf:3)
  27 death yaks
  2 storm dragon zombies
  2 sun demons (Depths:2)
  2 spriggans
  4 naga sharpshooters
  12 shock serpents
  A shock serpent (shapeshifter) (Vaults:3)
  6 hell knights
  Nergalle (Orc:4)
  A soul eater (Zig:1)
  A thrashing horror (Abyss:1)
  4 salamander mystics
  3 ice devils
  A wretched star (Abyss:1)
  2 shadow wraiths
  2 catoblepae
  2 fire crabs
  19 deep elf knights
  A sea snake (shapeshifter) (D:13)
  10 iron trolls
  A shadow demon (Zig:9)
  An orb spider (shapeshifter) (Zig:2)
  20 sea snakes
  2 golden dragon zombies
  An infernal demonspawn (Depths:4)
  An iron troll (shapeshifter) (Elf:3)
  16 skeletal warriors
  A lindwurm (Lair:5)
  14 deep elf summoners
  3 giant orange brains
  A spriggan druid (Zig:3)
  A storm dragon skeleton (Vaults:3)
  3 naga ritualists (Snake:5)
  22 hill giants
  2 unseen horrors (Vaults:1)
  2 flayed ghosts
  An unseen horror (shapeshifter) (Vaults:4)
  29 ironbrand convokers
  43 deep trolls
  A hill giant (shapeshifter) (Elf:3)
  4 wizards
  A shadow dragon zombie (Zig:7)
  6 oklob plants
  8 harpies
  13 deep elf conjurers
  4 mana vipers
  12 orc knights
  12 griffons
  A hellion (Zig:9)
  5 wolf spiders
  2 shadow dragon skeletons
  75 ugly things
  2 salamanders (shapeshifter)
  20 moths of wrath
  4 manticores
  A manticore (shapeshifter) (Elf:2)
  A draconian (shapeshifter) (Depths:3)
  5 red wasps
  A fire giant zombie (Depths:2)
  An orc sorcerer (Vaults:3)
  2 frost giant zombies
  6 phantasmal warriors
  A cyclops (shapeshifter) (Vaults:3)
  18 cyclopes
  2 stone giant zombies
  A griffon (shapeshifter) (Vaults:5)
  7 necromancers
  16 fauns
  2 draconian zombies (Zot:3)
  15 salamanders
  A hell beast (Depths:4)
  3 water nymphs
  An apocalypse crab (Zig:2)
  2 moths of wrath (shapeshifter)
  An elf zombie (Vaults:5)
  20 vault sentinels
  15 elephants
  3 orange demons
  3 toenail golems (Volcano)
  An item mimic (Lair:2)
  2 guardian serpents (shapeshifter)
  Joseph (D:10)
  An iron devil (Elf:3)
  12 spiny frogs
  3 tormentors (Zig:7)
  A fire giant skeleton (Vaults:3)
  A guardian serpent (Snake:2)
  6 mermaids
  A black mamba (shapeshifter) (Vaults:1)
  3 spriggan skeletons
  A torpor snail (shapeshifter) (Vaults:5)
  2 torpor snails
  2 death yak zombies (Depths:4)
  24 naga magi
  A green draconian zombie (Zot:4)
  2 ancient zymes (Abyss:1)
  27 black mambas
  5 komodo dragons
  2 mottled draconian zombies
  2 yaktaurs (shapeshifter)
  51 yaktaurs
  An elf (Snake:3)
  An elf (shapeshifter) (Vaults:3)
  4 fire drakes
  The ghost of Ololoev the Martial Artist, an experienced OpTm of Fedhas (D:5)
  2 hellwings (Depths:4)
  7 kobold demonologists
  An efreet (D:14)
  3 hydra zombies
  A jumping spider (shapeshifter) (Vaults:5)
  A fire drake (shapeshifter) (Vaults:5)
  A giant leech (Zig:3)
  2 yaktaur skeletons (Vaults:3)
  2 blue devils
  12 freezing wraiths
  A queen bee (shapeshifter) (Vaults:1)
  12 deep elf priests
  A red devil (Zig:9)
  2 tengu conjurers
  A demonic crawler (Depths:5)
  A komodo dragon (shapeshifter) (Depths:5)
  22 merfolk
  13 trolls
  A polar bear (Lair:2)
  A polar bear (shapeshifter) (Vaults:4)
  4 wind drakes
  Prince Ribbit (D:7)
  A sphinx simulacrum (Vaults:5)
  A baby alligator (shapeshifter) (Vaults:2)
  7 ravens
  3 deep troll zombies (Depths:5)
  A raven (shapeshifter) (Depths:5)
  2 bog bodies (Zig:4)
  A wind drake (shapeshifter) (Depths:3)
  11 boulder beetles
  A fire dragon zombie (Depths:5)
  A fire giant simulacrum (Vaults:5)
  A moth of wrath zombie (Zot:1)
  4 snapping turtles
  2 jumping spiders
  40 two-headed ogres
  A raiju (shapeshifter) (Vaults:3)
  A trapdoor spider (shapeshifter) (Vaults:4)
  A catoblepas skeleton (D:11)
  4 raiju
  5 wandering mushrooms (D:11)
  6 blink frogs
  3 human zombies
  4 human simulacra
  27 slime creatures
  A centaur simulacrum (D:13)
  2 tarantellas
  A flying skull (Abyss:1)
  3 air elementals
  4 trapdoor spiders
  4 hogs (Snake:2)
  A shadow (D:15)
  2 ettin skeletons (Vaults:3)
  4 ynoxinuls
  7 redbacks
  A wyvern (Lair:5)
  A wraith (Vaults:1)
  8 vampires
  2 neqoxecs
  A redback (shapeshifter) (Depths:1)
  15 water elementals
  6 humans (Volcano)
  5 hill giant zombies
  48 yaks
  27 deep elf fighters
  20 deep elf magi
  A mottled dragon (shapeshifter) (Vaults:3)
  17 wolves
  24 vampire mosquitoes
  31 water moccasins
  16 hippogriffs
  62 nagas
  3 chaos spawn
  11 wargs
  5 mottled dragons
  A soldier ant (D:15)
  A warg (shapeshifter) (Vaults:5)
  A deep troll skeleton (Depths:5)
  4 human skeletons (Vaults:3)
  11 porcupines
  5 swamp drakes
  3 yellow wasps
  25 orc warriors
  3 manticore zombies
  Purgy (D:3)
  2 ice beasts
  A necrophage (D:12)
  A tengu (Vaults:3)
  A yellow wasp (shapeshifter) (Zig:12)
  A black bear (shapeshifter) (Vaults:1)
  2 sky beasts (D:9)
  123 ogres
  A black bear (Lair:3)
  5 phantoms
  A boggart (shapeshifter) (Depths:3)
  2 boring beetles
  17 boggarts
  A manticore skeleton (D:11)
  20 giant frogs
  24 centaurs
  A boring beetle (shapeshifter) (Depths:4)
  9 big kobolds
  15 crocodiles
  A yaktaur zombie (Vaults:4)
  A cyclops zombie (D:8)
  A gnoll sergeant (D:9)
  3 insubstantial wisps
  A wyvern skeleton (D:7)
  10 troll zombies (WizLab)
  An eye of draining (D:10)
  A boulder beetle zombie (Zig:13)
  A cyclops skeleton (D:11)
  2 scorpions
  A manticore simulacrum (D:13)
  An eye of draining (shapeshifter) (Zig:13)
  2 elf skeletons (Vaults:3)
  8 killer bees
  13 wights
  18 electric eels
  A goliath beetle (shapeshifter) (Vaults:4)
  4 goliath beetles
  3 hounds
  3 iron imps
  6 crimson imps
  The ghost of Badjas the Caller, a weakling DESu (D:3)
  30 orc wizards
  2 centaur skeletons
  2 giant frog skeletons (D:11)
  3 gnoll shamans (D:13)
  6 quasits
  5 iguanas
  10 jellies
  A two-headed ogre zombie (Vaults:4)
  8 worker ants
  21 orc priests
  33 sheep
  15 orange rats
  An orange rat (shapeshifter) (Vaults:5)
  A lightning spire (Zig:12)
  A brain worm zombie (D:13)
  A shapeshifter simulacrum (D:15)
  Ijyb (D:2)
  9 ogre zombies
  A big kobold skeleton (D:5)
  2 ogre skeletons
  A hound zombie (D:5)
  A worker ant zombie (D:11)
  Terence (D:3)
  A hound skeleton (D:8)
  2 mummies
  A mottled dragon simulacrum (D:13)
  16 gnolls
  58 green rats
  4 orc zombies
  25 adders
  2 inept feature mimics
  An orc skeleton (D:13)
  8 shadow imps
  A steam dragon skeleton (D:9)
  2 inept item mimics
  4 white imps
  A worm (D:7)
  4 ufetubi
  2 iguana skeletons
  4 oozes
  184 orcs
  5 ball pythons
  12 bats
  26 goblins
  19 hobgoblins
  10 jackals
  15 quokkas
  9 giant cockroaches
  4 giant geckos
  A giant gecko skeleton (D:4)
  3 giant newts
  4 giant spores
  33 kobolds
  2 kobold skeletons (D:6)
  30 rats
  20 ballistomycetes
  3 bushes
  2 butterflies (Zig:9)
  A crawling corpse (Vaults:5)
  2 fungi (Elf:3)
  8 plants
3076 creatures vanquished.

Vanquished Creatures (collateral kills)
  An electric golem (Zig:11)
  A lich (Depths:4)
  A draconian monk (Zot:1)
  A draconian scorcher (Zot:3)
  A draconian shifter (Zig:10)
  A green draconian (Zot:1)
  2 white draconians
  2 black draconians (Zot:1)
  A yellow draconian (Zot:1)
  An ironheart preserver (Zig:13)
  2 yaktaur captains (Vaults:1)
  A rakshasa (Depths:3)
  A deep troll (Depths:3)
  An orc knight (Vaults:1)
  A vault sentinel (Zig:12)
  An ugly thing (Depths:2)
  An octopode (shapeshifter) (Depths:3)
  A yaktaur (Vaults:1)
  An orange demon (Zot:1)
  A deep elf priest (Depths:3)
  A blue devil (Zot:1)
  2 raiju
  A two-headed ogre (Depths:1)
  A deep elf fighter (Depths:3)
  An insubstantial wisp (Zig:11)
  An orc (Vaults:1)
  A hobgoblin (D:3)
  A jackal (D:7)
  A giant newt (D:3)
  2 giant spores
  A kobold (D:6)
36 creatures vanquished.

Vanquished Creatures (others)
  A lich (Depths:2)
  A shadow dragon (Zot:5)
  A fire giant (Vaults:3)
  A draconian scorcher (Zig:10)
  A rakshasa (Depths:1)
  A stone giant (Zig:12)
  A purple draconian (Zot:5)
  An ice dragon (Depths:5)
  3 spriggan air magi (Zig:14)
  An alligator (Zig:4)
  A dancing weapon (Zot:1)
  2 shock serpents
  2 ironbrand convokers
  A sixfirhy (Depths:5)
  A tengu skeleton (Vaults:5)
  3 moths of wrath
  2 drowned souls (Shoals:5)
  A human skeleton (Vaults:5)
  A vault sentinel (Vaults:1)
  A black mamba (Snake:3)
  A green draconian zombie (Zot:4)
  28 fire elementals
  A raiju (Zig:11)
  A red wasp zombie (Zig:12)
  2 slime creatures
  A boulder beetle (Zig:14)
  An air elemental (Zig:11)
  A hog (Shoals:4)
  A deep elf fighter (Depths:4)
  2 humans (Snake:2)
  A chaos spawn (Depths:5)
  A vampire mosquito (Depths:5)
  A black bear (Shoals:4)
  A small abomination (Abyss:1)
  A boggart (D:15)
  A chimera (Lair:5)
  An ogre (Depths:1)
  7 lost souls
  A giant frog (Zig:4)
  3 insubstantial wisps (Zig:14)
  A killer bee (Depths:5)
  5 crimson imps
  13 iron imps
  9 quasits
  22 shadow imps
  12 white imps
  8 ufetubi
  2 giant spores
  A lurking horror (Zig:2)
  2 butterflies (Zig:9)
  5 fungi
  7 plants
  12 starspawn tentacles (Abyss:1)
  83 starspawn tentacle segments (Abyss:1)
266 creatures vanquished.

Grand Total: 3378 creatures vanquished

Notes
Turn   | Place    | Note
--------------------------------------------------------------
     0 | D:1      | Ololoev, the Troll Monk, began the quest for the Orb.
     0 | D:1      | Reached XP level 1. HP: 22/22 MP: 1/1
    95 | D:1      | Reached XP level 2. HP: 23/29 MP: 1/1
   735 | D:2      | Reached XP level 3. HP: 36/36 MP: 2/2
   876 | D:2      | Reached skill level 5 in Unarmed Combat
  1104 | D:2      | Reached XP level 4. HP: 40/44 MP: 2/2
  1157 | D:2      | Noticed Ijyb
  1202 | D:2      | Killed Ijyb
  1687 | D:3      | Reached skill level 6 in Unarmed Combat
  1817 | D:3      | Noticed Badjas' ghost (weakling DESu)
  1825 | D:3      | Killed Badjas' ghost
  1825 | D:3      | Reached XP level 5. HP: 50/50 MP: 2/2
  2011 | D:3      | Noticed Terence
  2028 | D:3      | Killed Terence
  2333 | D:3      | Found a burning altar of Makhleb.
  2365 | D:3      | Noticed Purgy
  2381 | D:3      | Killed Purgy
  2381 | D:3      | Reached skill level 7 in Unarmed Combat
  2381 | D:3      | Reached XP level 6. HP: 55/59 MP: 3/3
  2394 | D:3      | Gained mutation: You are partially covered in icy blue scales (AC +1). [potion of mutation]
  2394 | D:3      | Gained mutation: Your magical capacity is low (-10% MP). [potion of mutation]
  3050 | D:4      | Reached skill level 8 in Unarmed Combat
  3175 | D:4      | Reached XP level 7. HP: 66/66 MP: 2/2
  3393 | D:5      | Entered Level 5 of the Dungeon
  3444 | D:5      | Noticed Ololoev's ghost (experienced OpTm)
  3486 | D:5      | Found an ancient bone altar of Kikubaaqudgha.
  3527 | D:5      | Killed Ololoev's ghost
  3527 | D:5      | Reached skill level 9 in Unarmed Combat
  3653 | D:5      | Found Giynom's Jewellery Emporium.
  3802 | D:5      | Reached XP level 8. HP: 74/74 MP: 3/3
  3863 | D:5      | Reached skill level 10 in Unarmed Combat
  3863 | D:5      | Reached skill level 1 in Evocations
  4212 | D:6      | Found a radiant altar of Vehumet.
  4324 | D:6      | Found a white marble altar of Elyvilon.
  4499 | D:6      | Found a staircase to the Ecumenical Temple.
  4611 | Temple   | Entered the Ecumenical Temple
  4723 | Temple   | Became a worshipper of Warmaster Okawaru
  4723 | Temple   | Acquired Okawaru's first power
  5456 | D:7      | Noticed Prince Ribbit
  5469 | D:7      | Reached skill level 11 in Unarmed Combat
  5551 | D:7      | Killed Prince Ribbit
  5551 | D:7      | Reached XP level 9. HP: 77/80 MP: 9/9
  5804 | D:7      | Noticed a moth of wrath
  5833 | D:7      | Found a bloodstained altar of Trog.
  6147 | D:8      | Found a shadowy altar of Dithmenos.
  6210 | D:8      | Found a sparkling altar of Nemelex Xobeh.
  6483 | D:8      | Reached skill level 12 in Unarmed Combat
  6955 | D:8      | Found a stormy altar of Qazlal.
  7033 | D:9      | Acquired Okawaru's second power
  7332 | D:9      | Reached skill level 5 in Evocations
  7445 | D:9      | Noticed a cyclops
  7468 | D:9      | Killed a cyclops
  7628 | D:9      | Reached XP level 10. HP: 80/88 MP: 11/11
  7729 | D:9      | Reached skill level 13 in Unarmed Combat
  8468 | D:10     | Entered Level 10 of the Dungeon
  8702 | D:10     | Found Wita's General Store.
  8705 | D:10     | Bought a scroll of identify for 32 gold pieces
  8705 | D:10     | Bought a potion of brilliance for 40 gold pieces
  9004 | D:10     | Noticed Joseph
  9013 | D:10     | Killed Joseph
  9199 | D:10     | Noticed a hill giant
  9210 | D:10     | Killed a hill giant
  9309 | D:11     | Noticed a cyan ugly thing
  9316 | D:10     | Received a gift from Okawaru
  9316 | D:10     | Reached skill level 14 in Unarmed Combat
  9337 | D:10     | Killed a brown ugly thing
  9461 | D:10     | Reached skill level 1 in Shields
  9699 | D:11     | Reached XP level 11. HP: 87/94 MP: 15/15
 10733 | D:11     | Found a staircase to the Lair.
 10736 | D:11     | Noticed a hill giant
 10773 | D:11     | Killed a hill giant
 10781 | D:11     | Reached skill level 1 in Throwing
 11195 | D:11     | Noticed a tengu warrior
 11212 | D:11     | Killed a tengu warrior
 11385 | D:11     | You fall through a shaft!
 11479 | D:11     | Found a staircase to the Orcish Mines.
 12032 | D:12     | Noticed a hill giant
 12065 | D:12     | Killed a hill giant
 12065 | D:12     | Received a gift from Okawaru
 12065 | D:12     | Reached skill level 5 in Shields
 12713 | Orc:1    | Entered Level 1 of the Orcish Mines
 12755 | Orc:1    | Found a deep blue altar of Sif Muna.
 13641 | D:5      | Bought the ring of Xom's Fair Game {AC+4 Str+4 Int+3} for 865 gold pieces
 14801 | Orc:3    | Found a staircase to the Elven Halls.
 14988 | Orc:3    | Received a gift from Okawaru
 14991 | Orc:3    | Got a dull robe {god gift}
 15002 | Orc:3    | Identified the +3 robe of Truth {+Inv rElec rF- Str+4} (Okawaru gifted it to you on level 3 of the Orcish Mines)
 15199 | Orc:3    | Reached skill level 15 in Unarmed Combat
 15377 | Orc:3    | Reached XP level 12. HP: 104/104 MP: 16/16
 15445 | Orc:3    | Reached skill level 5 in Throwing
 15676 | Orc:3    | Noticed a hill giant
 15676 | Orc:3    | Noticed a hill giant
 15676 | Orc:3    | Noticed a hill giant
 15676 | Orc:3    | Noticed a hill giant
 15676 | Orc:3    | Noticed a hill giant
 15706 | Orc:3    | Killed a hill giant
 15716 | Orc:3    | Killed a hill giant
 15732 | Orc:3    | Killed a hill giant
 15735 | Orc:3    | Killed a hill giant
 15791 | Orc:3    | Killed a hill giant
 15843 | Orc:3    | Noticed a hill giant
 15866 | Orc:3    | Killed a hill giant
 15907 | Orc:3    | Received a gift from Okawaru
 16680 | Orc:3    | Noticed a hill giant
 16680 | Orc:3    | Noticed a hill giant
 16680 | Orc:3    | Noticed a hill giant
 16714 | Orc:3    | Killed a hill giant
 16718 | Orc:3    | Killed a hill giant
 16724 | Orc:3    | Killed a hill giant
 16724 | Orc:3    | Reached skill level 1 in Armour
 16815 | Orc:3    | Noticed a hill giant
 16815 | Orc:3    | Noticed a hill giant
 16815 | Orc:3    | Noticed a hill giant
 16836 | Orc:3    | Killed a hill giant
 16938 | Orc:3    | Killed a hill giant
 16970 | Orc:3    | Noticed a frost giant
 17105 | Lair:1   | Entered Level 1 of the Lair of Beasts
 17243 | Lair:1   | Received a gift from Okawaru
 17268 | Lair:1   | Got an ancient trident {god gift}
 17269 | Lair:1   | Identified the +10 trident of Stuuliq {flame, Noisy +Rage rF++} (Okawaru gifted it to you on level 1 of the Lair of Beasts)
 17468 | Lair:1   | Noticed a six-headed hydra
 17471 | Lair:1   | Killed a six-headed hydra
 17552 | Lair:1   | Found a bloodstained altar of Trog.
 18062 | Lair:2   | Received a gift from Okawaru
 18066 | Lair:2   | Got a fine troll leather armour {god gift}
 18077 | Lair:2   | Identified the +1 troll leather armour of Trial and Error {+Blink rElec SInv} (Okawaru gifted it to you on level 2 of the Lair of Beasts)
 18293 | Lair:2   | Reached XP level 13. HP: 100/110 MP: 17/17
 19763 | Lair:4   | Found a staircase to the Shoals.
 20762 | Lair:5   | Reached skill level 5 in Dodging
 21454 | Lair:6   | Received a gift from Okawaru
 21660 | Lair:6   | Received a gift from Okawaru
 21872 | Lair:6   | Found a staircase to the Snake Pit.
 22538 | Lair:7   | Got a sapphire shortbow
 22554 | Lair:7   | Received a gift from Okawaru
 22692 | Lair:7   | Received a gift from Okawaru
 22712 | Lair:7   | Reached XP level 14. HP: 118/118 MP: 18/18
 22722 | Lair:7   | Reached skill level 5 in Armour
 23408 | Lair:8   | Entered Level 8 of the Lair of Beasts
 23425 | Lair:7   | Reached skill level 16 in Unarmed Combat
 23430 | Lair:7   | Received a gift from Okawaru
 23466 | Lair:8   | Found a dark tunnel.
 23472 | Volcano  | Entered a volcano
 23543 | Volcano  | Reached skill level 10 in Shields
 23834 | Lair:8   | Found a staircase to the Slime Pits.
 23980 | Lair:8   | Received a gift from Okawaru
 24149 | Lair:8   | Reached skill level 1 in Invocations
 25601 | Lair:8   | Received a gift from Okawaru
 26326 | Orc:3    | the staircase to the Elven Halls was a mimic.
 26412 | Orc:3    | Killed a hill giant
 26432 | Orc:3    | Killed a frost giant
 26581 | Orc:3    | Got a twisted buckler
 26746 | Orc:4    | Entered Level 4 of the Orcish Mines
 26781 | Orc:4    | Found an iron altar of Okawaru.
 26788 | Orc:4    | Noticed Nergalle
 26801 | Orc:4    | Killed Nergalle
 26801 | Orc:4    | Received a gift from Okawaru
 27040 | Orc:4    | Found a staircase to the Elven Halls.
 27278 | Orc:4    | Received a gift from Okawaru
 27281 | Orc:4    | Reached skill level 10 in Evocations
 27313 | Orc:4    | Reached XP level 15. HP: 106/124 MP: 22/22
 27318 | Orc:4    | Got a wizard robe {god gift}
 27329 | Orc:4    | Identified the -7 robe of Integrity {rC+ Str+4 Dex+1} (Okawaru gifted it to you on level 4 of the Orcish Mines)
 27481 | Orc:4    | Found Koph's Gadget Emporium.
 27605 | Orc:4    | Found Muwkus' Gadget Emporium.
 27613 | Orc:4    | Found Recufy's Book Shoppe.
 27634 | Orc:4    | Found Faillair's Antique Weapon Shop.
 27645 | Orc:4    | Found Foguypsafi's Book Shoppe.
 27676 | Orc:4    | Bought a book of Changes for 325 gold pieces
 27679 | Orc:4    | Learned a level 1 spell: Beastly Appendage
 27685 | Orc:4    | Learned a level 5 spell: Blade Hands
 28003 | Orc:4    | Reached skill level 1 in Transmutations
 28938 | D:13     | Noticed Josephine
 28948 | D:13     | Killed Josephine
 29358 | D:13     | Received a gift from Okawaru
 29430 | D:13     | Found a gate to the Vaults.
 29697 | D:14     | Received a gift from Okawaru
 29718 | D:14     | Got a crude robe {god gift}
 29729 | D:14     | Identified the +1 robe of Ywum {MR+} (Okawaru gifted it to you on level 14 of the Dungeon)
 30115 | Orc:4    | Bought an ornate deck of wonders for 300 gold pieces
 30119 | Orc:4    | Gained mutation: Your vision is a little blurry. [helix card]
 30141 | Orc:4    | Bought a plain deck of wonders for 154 gold pieces
 30144 | Orc:4    | Lost mutation: Your magical capacity is low (-10% MP). [helix card]
 30180 | Orc:4    | Bought a plain deck of changes for 210 gold pieces
 30185 | Orc:4    | Lost mutation: Your vision is a little blurry. [helix card]
 30191 | Orc:4    | Lost mutation: You are partially covered in icy blue scales (AC +1). [helix card]
 30654 | D:14     | Found a glowing golden altar of the Shining One.
 30914 | D:15     | Entered Level 15 of the Dungeon
 30961 | D:14     | Reached skill level 5 in Fighting
 30974 | D:14     | Reached skill level 5 in Transmutations
 31088 | D:15     | Noticed Frances
 31126 | D:15     | Killed Frances
 31511 | D:15     | Received a gift from Okawaru
 31915 | Orc:4    | Bought a lamp of fire for 600 gold pieces
 31915 | Orc:4    | Bought a wand of confusion (12) for 157 gold pieces
 32232 | D:15     | Found a staircase to the Depths.
 32601 | Shoals:1 | Entered Level 1 of the Shoals
 32732 | Shoals:1 | Received a gift from Okawaru
 32793 | Shoals:1 | Noticed runewalsh's ghost (mighty OpTm)
 32811 | Shoals:1 | Killed runewalsh's ghost
 32811 | Shoals:1 | Reached XP level 16. HP: 144/144 MP: 26/26
 33718 | Shoals:4 | Found Shranur's Book Emporium.
 33843 | Shoals:5 | Entered Level 5 of the Shoals
 33869 | Shoals:5 | Found Kloacep's Distillery.
 33877 | Shoals:5 | Bought a potion of resistance for 140 gold pieces
 33877 | Shoals:5 | Bought a potion of beneficial mutation for 700 gold pieces
 33878 | Shoals:5 | Gained mutation: You are partially covered in rough black scales (AC +4, Dex -1). [potion of beneficial mutation]
 33911 | Shoals:5 | Received a gift from Okawaru
 33983 | Shoals:5 | Received a gift from Okawaru
 34396 | Shoals:5 | Noticed vatarom's ghost (mighty GrEE)
 34431 | Shoals:5 | Noticed Ilsuiw
 34433 | Shoals:5 | Killed vatarom's ghost
 34481 | Shoals:5 | Killed Ilsuiw
 34481 | Shoals:5 | Received a gift from Okawaru
 34705 | Shoals:5 | Received a gift from Okawaru
 34751 | Shoals:5 | Received a gift from Okawaru
 34796 | Shoals:5 | Received a gift from Okawaru
 35028 | Shoals:5 | Received a gift from Okawaru
 35031 | Shoals:5 | Reached skill level 10 in Transmutations
 35222 | Shoals:5 | Got a barnacled rune of Zot
 35383 | Snake:1  | Entered Level 1 of the Snake Pit
 35613 | Snake:1  | Reached XP level 17. HP: 155/161 MP: 27/27
 36664 | Snake:2  | Received a gift from Okawaru
 36675 | Snake:2  | Noticed Roxanne
 36894 | Snake:2  | Noticed Kirke
 36944 | Snake:2  | Killed Kirke
 37614 | Snake:2  | Found Lynuohos' Antique Weapon Shop.
 37632 | Snake:2  | Received a gift from Okawaru
 37633 | Snake:2  | Got an ichor-stained hat {god gift}
 37644 | Snake:2  | Identified the -2 hat "Gujig" {Str+3 Int+3} (Okawaru gifted it to you on level 2 of the Snake Pit)
 39396 | Snake:4  | Received a gift from Okawaru
 39471 | Snake:4  | Reached skill level 10 in Fighting
 40068 | Snake:5  | Entered Level 5 of the Snake Pit
 40708 | Snake:5  | Reached skill level 17 in Unarmed Combat
 41467 | Snake:5  | Received a gift from Okawaru
 41478 | Snake:5  | Reached XP level 18. HP: 102/176 MP: 28/28
 41815 | Snake:5  | Got a serpentine rune of Zot
 42412 | Vaults:1 | Entered Level 1 of the Vaults
 43413 | Vaults:1 | Reached skill level 18 in Unarmed Combat
 43417 | Vaults:1 | Received a gift from Okawaru
 44685 | Vaults:2 | Learned a level 2 spell: Repel Missiles
 44688 | Vaults:2 | Learned a level 2 spell: Swiftness
 44692 | Vaults:2 | Learned a level 3 spell: Flight
 44833 | Vaults:2 | Reached skill level 1 in Charms
 44833 | Vaults:2 | Reached skill level 1 in Air Magic
 45078 | Vaults:2 | Received a gift from Okawaru
 45663 | Vaults:2 | Reached XP level 19. HP: 189/189 MP: 28/28
 45841 | Vaults:2 | Noticed Donald
 45850 | Vaults:2 | Killed Donald
 45872 | Vaults:2 | Received a gift from Okawaru
 46576 | Vaults:2 | Paralysed by a red wasp for 2 turns
 46857 | Vaults:3 | Received a gift from Okawaru
 47060 | Vaults:3 | Received a gift from Okawaru
 47309 | Vaults:3 | Received a gift from Okawaru
 47764 | Vaults:3 | Found a staircase to the Crypt.
 48171 | Vaults:3 | Received a gift from Okawaru
 48631 | Vaults:3 | Received a gift from Okawaru
 48699 | Vaults:3 | Identified a scroll of acquirement
 48708 | Vaults:3 | Got a faintly humming cloak
 48719 | Vaults:3 | Identified the +1 cloak "Gramur" {+Inv rN+ SInv} (You acquired it on level 3 of the Vaults)
 49380 | Vaults:3 | Paralysed by a sphinx for 6 turns
 49388 | Vaults:3 | Reached XP level 20. HP: 64/201 MP: 31/31
 49878 | Vaults:4 | Noticed Frederick
 49895 | Vaults:4 | Killed Frederick
 50352 | Vaults:4 | Received a gift from Okawaru
 50362 | Vaults:4 | Got a steaming cloak {god gift}
 50373 | Vaults:4 | Identified the +2 cloak of Resourcefulness {Slay+3} (Okawaru gifted it to you on level 4 of the Vaults)
 50848 | Vaults:4 | Noticed Boris
 50917 | Vaults:4 | Killed Boris
 51280 | Vaults:4 | Received a gift from Okawaru
 51534 | Vaults:4 | Reached skill level 19 in Unarmed Combat
 51888 | Vaults:5 | Entered Level 5 of the Vaults
 51994 | Vaults:5 | Reached skill level 15 in Fighting
 52018 | Vaults:5 | Reached XP level 21. HP: 125/218 MP: 31/31
 52030 | Vaults:5 | Received a gift from Okawaru
 52076 | Vaults:5 | Paralysed by a sphinx for 4 turns
 52086 | Vaults:5 | Paralysed by a yellow wasp for 3 turns
 52467 | Vaults:5 | Reached skill level 20 in Unarmed Combat
 52870 | Vaults:5 | Received a gift from Okawaru
 53035 | Vaults:5 | Noticed a golden dragon
 53066 | Vaults:5 | Killed a golden dragon
 53066 | Vaults:5 | Received a gift from Okawaru
 53685 | Vaults:5 | Noticed a golden dragon
 53711 | Vaults:5 | Reached skill level 21 in Unarmed Combat
 53718 | Vaults:5 | Killed a golden dragon
 53727 | Vaults:5 | Received a gift from Okawaru
 54302 | Vaults:5 | Learned a level 2 spell: Stoneskin
 54346 | Vaults:5 | Received a gift from Okawaru
 54557 | Vaults:5 | Got a silver rune of Zot
 54750 | Vaults:5 | Found Skeitz's Weapon Shoppe.
 55008 | Vaults:5 | Reached XP level 22. HP: 174/231 MP: 32/32
 55235 | Vaults:5 | Upgraded the game from 0.16-a0-246-ge4ca762 to 0.16-a0-249-g5922f4d
 56188 | Temple   | Fell from the grace of Okawaru
 56188 | Temple   | Became a worshipper of Xom of Chaos
 56230 | D:6      | XOM: silly message
 56500 | D:15     | Gained mutation: You are robust (+10% HP). [potion of mutation]
 56500 | D:15     | Gained mutation: You are resistant to hostile enchantments. [potion of mutation]
 56500 | D:15     | Gained mutation: You are mostly covered in rough black scales (AC +7, Dex -2). [potion of mutation]
 56531 | Depths:1 | Entered Level 1 of the Depths
 56544 | Depths:1 | Found a one-way gate to the infinite horrors of the Abyss.
 56562 | Depths:1 | XOM: potion effect (invisibility)
 56581 | Depths:1 | Found a gateway to Hell.
 56619 | Depths:1 | XOM: silly message
 56773 | Depths:1 | XOM: silly message
 56781 | Depths:1 | XOM: summons friendly white imp
 56784 | Depths:1 | XOM: confusion (+ monsters)
 56849 | Depths:1 | XOM: cast spell 'Shadow Creatures'
 56851 | Depths:1 | XOM: confusion
 56989 | Depths:1 | XOM: noise
 57160 | Depths:1 | XOM: enchant monster (good)
 57177 | Depths:1 | Reached skill level 22 in Unarmed Combat
 57204 | Depths:1 | XOM: potion effect (brilliance)
 57206 | Depths:1 | XOM: mild Summ miscast
 57294 | Depths:1 | Found a one-way gate leading to the halls of Pandemonium.
 57351 | Depths:1 | XOM: polymorph rakshasa -> ice devil
 57468 | Depths:1 | Got a faintly glowing robe
 57479 | Depths:1 | Identified the +1 robe of the Bulwark {rF+ rC+ Slay-2} (You found it on level 1 of the Depths)
 57500 | Depths:1 | Found a radiant altar of Vehumet.
 57536 | Depths:1 | Got an ancient hat
 57557 | Depths:1 | Identified the +0 hat "Qamol" {Str+4 Int+2} (You found it on level 1 of the Depths)
 57583 | Depths:1 | Got a colourful robe
 57594 | Depths:1 | Identified the +1 robe of Intercession {rN+ MR+ Str+3} (You found it on level 1 of the Depths)
 57899 | Depths:2 | Upgraded the game from 0.16-a0-249-g5922f4d to 0.16-a0-259-g9aa467b
 58061 | Depths:2 | XOM: mild Ice miscast
 58159 | Depths:2 | XOM: confusion
 58170 | Depths:2 | XOM: 1-stop teleportation journey
 58284 | Depths:2 | XOM: enchant monster (good)
 58333 | Depths:2 | XOM: enchant monster (good)
 58356 | Depths:2 | XOM: enchant monster (good)
 58362 | Depths:2 | XOM: cast spell 'Olgreb's Toxic Radiance'
 58442 | Depths:2 | XOM: harmless Chrm miscast
 58601 | Depths:2 | XOM: divination: detect items
 58679 | Depths:2 | XOM: enchant monster (good)
 58853 | Depths:2 | XOM: polymorph stone giant -> alligator snapping turtle
 58857 | Depths:2 | XOM: destruction
 59117 | Depths:2 | XOM: enchant monster (good)
 59123 | Depths:2 | XOM: polymorph deep troll -> torpor snail
 59173 | Depths:2 | XOM: mild Tloc miscast
 59320 | Depths:2 | XOM: give mutation
 59320 | Depths:2 | Gained mutation: You are agile. (Dex +2) [Xom's grace]
 59604 | Depths:2 | XOM: god gift: runed quarterstaff {god gift}
 59694 | Depths:3 | XOM: silly message
 59748 | Depths:3 | Reached XP level 23. HP: 236/265 MP: 33/33
 59773 | Depths:3 | XOM: polymorph stone giant -> azure jelly
 59895 | Depths:3 | XOM: divination: detect items
 59902 | Depths:3 | XOM: cast spell 'Ice Form'
 59941 | Depths:3 | XOM: harmless Chrm miscast
 59984 | Depths:3 | XOM: swap monsters
 60060 | Depths:3 | XOM: enchant monster (bad)
 60064 | Depths:3 | XOM: cast spell 'Olgreb's Toxic Radiance'
 60095 | Depths:3 | XOM: summons friendly shadow imp
 60106 | Depths:3 | XOM: summons 2 friendly demons
 60134 | Depths:3 | XOM: swap monsters
 60136 | Depths:3 | XOM: potion effect (berserk rage)
 60138 | Depths:3 | Reached skill level 23 in Unarmed Combat
 60178 | Depths:3 | XOM: summons 3 friendly demons
 60241 | Depths:3 | XOM: vitrification
 60286 | Depths:3 | XOM: 1-stop teleportation journey
 60319 | Depths:3 | Noticed Nikola
 60321 | Depths:3 | XOM: summons 3 hostile shadow creatures
 60345 | Depths:3 | Killed Nikola
 60486 | Depths:3 | Upgraded the game from 0.16-a0-259-g9aa467b to 0.16-a0-262-g6fc725f
 60540 | Depths:3 | XOM: summons 5 hostile shadow creatures
 60542 | Depths:3 | XOM: mild Fire miscast
 60653 | Depths:3 | XOM: polymorph fire giant -> quicksilver dragon
 60671 | Depths:3 | XOM: torment (139/267 hp)
 60982 | Depths:3 | XOM: summons 16 friendly demons
 61150 | Depths:3 | XOM: silly message
 61217 | Depths:3 | XOM: mild Fire miscast
 61218 | Depths:3 | XOM: blink monster(s)
 61355 | Depths:3 | XOM: harmless Summ miscast
 61614 | Depths:3 | XOM: swap monsters
 61622 | Depths:3 | XOM: summons 10 friendly demons
 61655 | Depths:3 | Got a sheer robe
 61666 | Depths:3 | Identified the +1 robe of the Onion {Int+4} (You took it off a boggart on level 3 of the Depths)
 62029 | Depths:3 | Identified the Volume of Blistering Battle Magic
 62177 | Depths:3 | XOM: severe Hex miscast
 62220 | Depths:3 | XOM: confusion (+ monsters)
 62389 | Depths:3 | XOM: silly message
 62466 | Depths:3 | XOM: confuse monster(s)
 62654 | Depths:3 | XOM: noise
 62662 | Depths:3 | XOM: swap monsters
 62665 | Depths:3 | XOM: divination: detect creatures
 62847 | Depths:3 | XOM: medium Hex miscast
 62908 | Depths:3 | XOM: potion effect (curing)
 62918 | Depths:3 | XOM: summons friendly shadow imp
 63005 | Depths:4 | XOM: 1-stop teleportation journey
 63153 | Depths:4 | XOM: polymorph fire giant -> iron troll
 63180 | Depths:4 | XOM: give mutations
 63180 | Depths:4 | Gained mutation: Your body is slowly deteriorating. [Xom's mischief]
 63180 | Depths:4 | Lost mutation: You are resistant to hostile enchantments. [Xom's mischief]
 63180 | Depths:4 | Gained mutation: Armour fits poorly on your strangely shaped body. [Xom's mischief]
 63609 | Depths:4 | XOM: confuse monster(s)
 63616 | Depths:4 | XOM: medium Hex miscast
 63618 | Depths:4 | XOM: divination: magic mapping
 63619 | Depths:4 | XOM: enchant monster (bad)
 63869 | Depths:4 | XOM: enchant monster (bad)
 63936 | Depths:4 | XOM: chaos upgrade
 63966 | Depths:4 | XOM: god gift: 34 gold pieces
 63976 | Depths:4 | XOM: noise
 64006 | Depths:4 | XOM: destruction
 64008 | Depths:4 | XOM: cast spell 'Summon Hydra'
 64530 | Depths:4 | XOM: harmless Trmt miscast
 64543 | Depths:4 | XOM: enchant monster (bad)
 64562 | Depths:4 | XOM: mild Chrm miscast
 64575 | Depths:4 | Reached skill level 24 in Unarmed Combat
 64619 | Depths:4 | XOM: harmless Summ miscast
 64627 | Depths:4 | XOM: summons 7 friendly demons
 64629 | Depths:4 | XOM: harmless Divn miscast
 64808 | Depths:4 | XOM: harmless Tloc miscast
 64872 | Depths:4 | Was forgiven by Okawaru
 64876 | Depths:4 | XOM: enchant monster (bad)
 64878 | Depths:4 | XOM: confuse monster(s)
 65316 | Depths:4 | XOM: harmless Erth miscast
 65352 | Depths:5 | Entered Level 5 of the Depths
 65352 | Depths:5 | Found Nauzeis' Assorted Antiques.
 65375 | Depths:5 | Reached XP level 24. HP: 281/281 MP: 34/34
 65451 | Depths:4 | XOM: torment (118/281 hp)
 65454 | Depths:4 | Lost mutation: You are robust (+10% HP). [potion of cure mutation]
 65454 | Depths:4 | Lost mutation: You are agile. (Dex +2) [potion of cure mutation]
 65454 | Depths:4 | Lost mutation: Your body is slowly deteriorating. [potion of cure mutation]
 65683 | Depths:4 | Lost mutation: Armour fits poorly on your strangely shaped body. [potion of cure mutation]
 65683 | Depths:4 | Lost mutation: You are mostly covered in rough black scales (AC +7, Dex -2). [potion of cure mutation]
 65845 | Depths:5 | XOM: summons friendly shadow imp
 65850 | Depths:5 | XOM: fake destruction
 65851 | Depths:5 | XOM: cast spell 'Blink'
 65863 | Depths:5 | XOM: confusion
 65866 | Depths:5 | XOM: cast spell 'Summon Swarm'
 65874 | Depths:5 | XOM: summons friendly shadow imp
 66019 | Depths:5 | XOM: confusion
 66225 | Depths:5 | XOM: mild Pois miscast
 66330 | Depths:5 | XOM: give mutation
 66330 | Depths:5 | Gained mutation: You occasionally shout uncontrollably at your foes. [Xom's mischief]
 66682 | Depths:5 | XOM: give mutations
 66682 | Depths:5 | Gained mutation: You can translocate small distances at will. [Xom's grace]
 66682 | Depths:5 | Gained mutation: You are mostly covered in rough black scales (AC +7, Dex -2). [Xom's grace]
 66682 | Depths:5 | Gained mutation: Your flesh is cold resistant. [Xom's grace]
 66801 | Depths:5 | Noticed Boris
 66827 | Depths:5 | Killed Boris
 66840 | Depths:5 | XOM: summons friendly shadow imp
 66901 | Depths:5 | Bought a potion of heal wounds for 87 gold pieces
 66901 | Depths:5 | Bought a scroll of magic mapping for 101 gold pieces
 66948 | Depths:5 | Found Gheavy's Book Boutique.
 66949 | Depths:5 | XOM: god gift: potion of agility
 67222 | Depths:5 | XOM: divine lightning
 67232 | Depths:5 | XOM: swap monsters
 67711 | Depths:5 | Found a gate to the Realm of Zot.
 67784 | Depths:5 | Found Vic Mogoanoe's Antique Armour Boutique.
 68011 | Depths:5 | XOM: summons friendly white imp
 68015 | Depths:5 | XOM: summons 12 friendly demons
 68187 | Depths:5 | Found a gateway to a ziggurat.
 68235 | Depths:5 | XOM: fake destruction
 68246 | Depths:5 | XOM: god gift: metal-bound book {god gift}
 68251 | Depths:5 | XOM: cast spell 'Statue Form'
 68476 | Depths:4 | XOM: polymorph tengu warrior -> cyclops
 68517 | Depths:2 | XOM: scenery: 1 doors close
 68879 | Elf:1    | Entered Level 1 of the Elven Halls
 68964 | Elf:1    | Found a magical portal.
 68975 | WizLab   | Entered Zonguldrok's Shrine
 69100 | WizLab   | XOM: enchant monster (good)
 69201 | WizLab   | Reached skill level 15 in Evocations
 69228 | WizLab   | XOM: enchant monster (bad)
 69389 | WizLab   | Noticed an antique lich
 69398 | WizLab   | Killed an antique lich
 69678 | D:12     | XOM: silly message
 69785 | Depths:1 | XOM: harmless Ice miscast
 69908 | Depths:3 | XOM: god gift: 4 meat rations
 70723 | Elf:1    | XOM: medium Ice miscast
 71274 | Elf:2    | XOM: 2-stop teleportation journey
 71823 | Elf:2    | XOM: give mutations
 71823 | Elf:2    | Lost mutation: You occasionally shout uncontrollably at your foes. [Xom's mischief]
 71823 | Elf:2    | Gained mutation: You are clumsy. (Dex -2) [Xom's mischief]
 72071 | Elf:3    | Entered Level 3 of the Elven Halls
 72107 | Elf:3    | XOM: give mutations
 72107 | Elf:3    | Gained mutation: You are good at translocating small distances at will. [Xom's grace]
 72107 | Elf:3    | Gained mutation: You are resistant to electric shocks. [Xom's grace]
 72107 | Elf:3    | Gained mutation: You can breathe flames. [Xom's grace]
 72107 | Elf:3    | Gained mutation: You are surrounded by a mild repulsion field (EV +2). [Xom's grace]
 72128 | Elf:3    | XOM: noise
 72205 | Elf:3    | XOM: 1-stop teleportation journey
 72236 | Elf:3    | XOM: give mutations
 72236 | Elf:3    | Gained mutation: You can spit poison. [Xom's grace]
 72236 | Elf:3    | Gained mutation: Your skin changes colour to match your surroundings (Stealth). [Xom's grace]
 72314 | Elf:3    | XOM: give mutations
 72314 | Elf:3    | Lost mutation: You are clumsy. (Dex -2) [Xom's grace]
 72314 | Elf:3    | Gained mutation: You are agile. (Dex +2) [Xom's grace]
 72314 | Elf:3    | Gained mutation: Your muscles are strong. (Str +2) [Xom's grace]
 72515 | Elf:3    | XOM: destruction
 72535 | Elf:3    | XOM: 1-stop teleportation journey
 72647 | Elf:3    | Found a white marble altar of Elyvilon.
 72770 | Elf:3    | XOM: summons 2 friendly demons
 72999 | Elf:3    | XOM: cast spell 'Beastly Appendage'
 73166 | Elf:2    | XOM: medium Conj miscast
 73276 | Orc:2    | XOM: divination: detect items
 73600 | Elf:3    | XOM: scenery: 1 doors close
 73735 | Elf:3    | XOM: scenery: 1 doors close
 73772 | Elf:3    | XOM: swap monsters
 73775 | Elf:3    | XOM: enchant monster (good)
 73805 | Elf:3    | Reached XP level 25. HP: 254/265 MP: 36/36
 73952 | Elf:3    | XOM: vitrification
 73960 | Elf:3    | XOM: give mutations
 73960 | Elf:3    | Gained mutation: Your spells are a little harder to cast, but a little more powerful. [Xom's grace]
 73960 | Elf:3    | Gained mutation: Your mind is acute. (Int +2) [Xom's grace]
 73960 | Elf:3    | Gained mutation: You can spit moderately strong poison. [Xom's grace]
 74094 | Elf:3    | XOM: 2-stop teleportation journey
 74259 | Elf:3    | XOM: summons 2 friendly demons
 74310 | Elf:3    | XOM: potion effect (brilliance)
 74344 | Elf:3    | Cast into the Abyss (deep elf sorcerer)
 74431 | Abyss:1  | XOM: harmless Tloc miscast
 74587 | Abyss:1  | Gained mutation: You have difficulty communicating with the divine. [a neqoxec]
 74775 | Abyss:1  | Got a heavily jewelled robe
 74786 | Abyss:1  | Identified the +2 robe of Valiance {rElec Slay+4} (You found it on level 1 of the Abyss)
 74905 | Elf:3    | Escaped the Abyss
 75297 | Elf:3    | Identified a +2 rod of striking (12/12) (You took it off a deep elf fighter on level 3 of the Elven Halls)
 75564 | Elf:3    | XOM: harmless Pois miscast
 75993 | Depths:4 | XOM: divination: detect creatures
 76137 | Zot:1    | Entered Level 1 of the Realm of Zot
 76498 | Zot:1    | XOM: harmless Divn miscast
 76674 | Zot:1    | Reached skill level 10 in Armour
 76717 | Zot:1    | XOM: 2-stop teleportation journey
 77098 | Zot:1    | XOM: summons 2 friendly demons
 77123 | Zot:1    | Reached skill level 10 in Dodging
 77250 | Zot:1    | XOM: give mutation
 77250 | Zot:1    | Gained mutation: You can spit strong poison. [Xom's grace]
 77561 | Zot:1    | XOM: blink monster(s)
 77879 | Zot:1    | XOM: divination: detect creatures
 77986 | Zot:2    | XOM: divination: magic mapping
 78307 | Zot:2    | Reached XP level 26. HP: 270/276 MP: 36/36
 78331 | Zot:2    | XOM: harmless Conj miscast
 78834 | Zot:3    | XOM: stealth player
 78948 | Zot:3    | XOM: divination: detect creatures
 78977 | Zot:3    | XOM: 1-stop teleportation journey
 79052 | Zot:3    | XOM: harmless Tloc miscast
 79322 | Zot:3    | XOM: harmless Fire miscast
 79562 | Zot:4    | XOM: stealth player
 79983 | Zot:4    | XOM: harmless Erth miscast
 80054 | Zot:4    | XOM: summons friendly ufetubus
 80433 | Zot:5    | Entered Level 5 of the Realm of Zot
 80642 | Zot:5    | XOM: summons 6 friendly demons
 80715 | Zot:5    | XOM: harmless Fire miscast
 80721 | Zot:5    | Got a brightly glowing golden ring
 80723 | Zot:5    | Identified the ring of the Cast Vote {rN+ Str+3 Stlth+} (You took it off a draconian caller on level 5 of the Realm of Zot)
 80934 | Zot:5    | Noticed an orb of fire
 80934 | Zot:5    | Lost mutation: Your muscles are strong. (Str +2) [an orb of fire]
 80952 | Zot:5    | Gained mutation: You are frail (-10% HP). [an orb of fire]
 80960 | Zot:5    | Killed an orb of fire
 81038 | Zot:5    | Noticed an ancient lich
 81050 | Zot:5    | Killed an ancient lich
 81149 | Zot:5    | Noticed an orb of fire
 81164 | Zot:5    | Noticed an orb of fire
 81172 | Zot:5    | Noticed an ancient lich
 81183 | Zot:5    | Noticed an orb of fire
 81183 | Zot:5    | Lost mutation: You are agile. (Dex +2) [an orb of fire]
 81183 | Zot:5    | Gained mutation: You occasionally shout uncontrollably at your foes. [an orb of fire]
 81188 | Zot:5    | Gained mutation: Your body is slowly deteriorating. [an orb of fire]
 81189 | Zot:5    | Noticed an orb of fire
 81189 | Zot:5    | Noticed an orb of fire
 81191 | Zot:5    | Noticed an orb of fire
 81195 | Zot:5    | Noticed an ancient lich
 81195 | Zot:5    | Gained mutation: Your vision is a little blurry. [an orb of fire]
 81196 | Zot:5    | Lost mutation: You are mostly covered in rough black scales (AC +7, Dex -2). [an orb of fire]
 81201 | Zot:5    | Lost mutation: You are frail (-10% HP). [potion of cure mutation]
 81201 | Zot:5    | Lost mutation: You occasionally shout uncontrollably at your foes. [potion of cure mutation]
 81201 | Zot:5    | Lost mutation: Your vision is a little blurry. [potion of cure mutation]
 81201 | Zot:5    | Lost mutation: Your mind is acute. (Int +2) [potion of cure mutation]
 81201 | Zot:5    | Lost mutation: Your body is slowly deteriorating. [potion of cure mutation]
 81481 | Zot:5    | Noticed an orb of fire
 81487 | Zot:5    | XOM: potion effect (might)
 81491 | Zot:5    | XOM: potion effect (haste)
 81491 | Zot:5    | Gained mutation: You are frail (-10% HP). [an orb of fire]
 81499 | Zot:5    | Killed an orb of fire
 81936 | Zot:1    | XOM: cast spell 'Metabolic Englaciation'
 81947 | Zot:1    | XOM: divination: detect creatures
 81949 | Zot:1    | XOM: potion effect (invisibility)
 82063 | Zig:1    | Entered Level 1 of a ziggurat
 82079 | Zig:2    | Entered Level 2 of a ziggurat
 82083 | Zig:2    | XOM: potion effect (agility)
 82104 | Zig:2    | Identified the Incunabulum of Feathery Beguiling (You found it on level 2 of a ziggurat)
 82217 | Zig:3    | Entered Level 3 of a ziggurat
 82261 | Zig:4    | Entered Level 4 of a ziggurat
 82316 | Zig:5    | Entered Level 5 of a ziggurat
 82347 | Zig:5    | Cast into the Abyss (deep elf fighter)
 82356 | Zig:5    | Escaped the Abyss
 82383 | Zig:6    | Entered Level 6 of a ziggurat
 82499 | Zig:7    | Entered Level 7 of a ziggurat
 82513 | Zig:7    | XOM: potion effect (agility)
 82514 | Zig:7    | Reached XP level 27. HP: 254/254 MP: 37/37
 82531 | Zig:7    | Identified the Papyrus of the Rocks and Dark Magic
 82564 | Zig:8    | Entered Level 8 of a ziggurat
 82581 | Zig:8    | XOM: harmless Summ miscast
 82617 | Zig:8    | XOM: harmless Erth miscast
 82623 | Zig:8    | Reached skill level 15 in Armour
 82735 | Zig:9    | Entered Level 9 of a ziggurat
 82741 | Zig:9    | Noticed Zuat Fewk the pandemonium lord
 82749 | Zig:9    | XOM: divination: detect items
 82759 | Zig:9    | XOM: cast spell 'Summon Butterflies'
 82773 | Zig:9    | XOM: god gift: chain mail {god gift}
 82788 | Zig:9    | Killed Zuat Fewk the pandemonium lord
 83042 | Zig:9    | Reached skill level 15 in Dodging
 83082 | Zig:10   | Entered Level 10 of a ziggurat
 83110 | Zig:10   | XOM: swap monsters
 83314 | Zig:10   | Got an ancient copper ring
 83352 | Zig:11   | Entered Level 11 of a ziggurat
 83375 | Zig:11   | XOM: cast spell 'Necromutation'
 83392 | Zig:11   | XOM: enchant monster (good)
 83446 | Zig:11   | Identified the ring "Oju Skeb" {Ice Stlth--} (You found it on level 10 of a ziggurat)
 83480 | Zig:11   | Reached skill level 25 in Unarmed Combat
 83650 | Zig:12   | Entered Level 12 of a ziggurat
 83688 | Zig:12   | XOM: summons 7 friendly demons
 83711 | Zig:12   | XOM: divination: detect creatures
 83869 | Zig:12   | Learned a level 6 spell: Statue Form
 83871 | Zig:12   | Got a glittering brass ring
 83873 | Zig:12   | Identified the ring "Psoff" {Contam MR+ Dex+2} (You found it on level 12 of a ziggurat)
 83897 | Zig:13   | Entered Level 13 of a ziggurat
 84045 | Zig:13   | XOM: summons friendly shadow imp
 84055 | Zig:13   | XOM: summons 3 friendly demons
 84102 | Zig:13   | XOM: divination: magic mapping
 84140 | Zig:13   | XOM: divination: magic mapping
 84157 | Zig:13   | XOM: silly message
 84191 | Zig:13   | XOM: cast spell 'Summon Dragon'
 84354 | Zig:13   | XOM: harmless Tloc miscast
 84511 | Zig:13   | Got a transparent robe
 84522 | Zig:13   | Identified the cursed +1 robe "Piyt" {Str+5 Dex+3} (You found it on level 13 of a ziggurat)
 84539 | Zig:13   | Identified a -1 rod of clouds (10/10) (You found it on level 13 of a ziggurat)
 84577 | Zig:14   | Entered Level 14 of a ziggurat
 84615 | Zig:14   | XOM: summons friendly quasit
 84622 | Zig:14   | Got a slimy lead ring
 84622 | Zig:14   | HP: 12/254 [titan/bolt of lightning (16)]
 84650 | Zig:14   | HP: 18/381 [spriggan air mage/the air (9)]
 84676 | Zig:14   | HP: 7/254 [storm dragon (8)]
 84677 | Zig:14   | Killed from afar by a spriggan air mage

Action                   |  1- 3 |  4- 6 |  7- 9 | 10-12 | 13-15 | 16-18 | 19-21 | 22-24 | 25-27 || total
-------------------------+-------+-------+-------+-------+-------+-------+-------+-------+-------++-------
Melee: Unarmed           |    95 |   157 |   367 |   913 |  1949 |  2002 |  1536 |  2376 |  1530 || 10925
       Morningstar       |       |       |    21 |    19 |     3 |    16 |       |       |       ||    59
       Staff             |       |       |       |       |       |     6 |     8 |       |       ||    14
       Rod               |       |       |       |       |       |       |       |       |     2 ||     2
 Fire: Blowgun           |       |       |       |   124 |    71 |     2 |       |       |       ||   197
Throw: Large rock        |       |       |       |     5 |    59 |    20 |    50 |    39 |    24 ||   197
 Cast: Beastly Appendage |       |       |       |       |    10 |     1 |       |       |       ||    11
       Blade Hands       |       |       |       |       |       |    14 |    25 |     1 |       ||    40
       Repel Missiles    |       |       |       |       |       |     1 |    11 |     7 |     3 ||    22
       Stoneskin         |       |       |       |       |       |       |     1 |       |     1 ||     2
Invok: Heroism           |       |       |       |     4 |     5 |    11 |     8 |       |       ||    28
       Finesse           |       |       |       |       |       |     2 |     4 |       |       ||     6
 Abil: Evoke Invisibilit |       |       |       |       |     3 |     2 |     1 |       |       ||     6
       Evoke Flight      |       |       |       |       |     1 |       |       |       |       ||     1
       Evoke Berserk Rag |       |       |       |       |       |       |       |     8 |    14 ||    22
       Blink             |       |       |       |       |       |       |       |     2 |       ||     2
       Spit Poison       |       |       |       |       |       |       |       |       |     1 ||     1
Evoke: Wand              |     1 |     8 |    24 |    24 |    30 |    38 |    20 |    21 |    49 ||   215
       Box of beasts     |       |       |       |       |     2 |       |       |       |       ||     2
       Deck              |       |       |       |       |    24 |     1 |    12 |       |     5 ||    42
       Lamp of fire      |       |       |       |       |     1 |     1 |     1 |    11 |    18 ||    32
       Rod               |       |       |       |       |       |       |       |       |     2 ||     2
  Use: Scroll            |       |     9 |    10 |    20 |    15 |    14 |    25 |    16 |    48 ||   157
       Potion            |       |     1 |       |     3 |     5 |    12 |    13 |    10 |    16 ||    60
 Stab: Sleeping          |     3 |     2 |     1 |     2 |     3 |     2 |     2 |       |       ||    15
       Confused          |       |       |     5 |     3 |       |     2 |       |    15 |     5 ||    30
       Distracted        |       |       |       |     3 |     1 |       |     1 |     5 |     4 ||    14
       Fleeing           |       |       |       |       |     1 |       |       |       |       ||     1
       Invisible         |       |       |       |       |     7 |    12 |     8 |     3 |     9 ||    39
       Paralysed         |       |       |       |       |    12 |       |     6 |     4 |       ||    22
       Petrifying        |       |       |       |       |       |       |       |     3 |       ||     3
       Petrified         |       |       |       |       |       |       |       |     2 |       ||     2
  Eat: Chunk             |    12 |    22 |    31 |    78 |   112 |   127 |    91 |   171 |    97 ||   741
       Fruit             |       |       |     2 |    22 |       |     4 |     2 |     3 |     3 ||    36
       Pizza             |       |       |     2 |       |     1 |       |       |     1 |     3 ||     7
       Royal jelly       |       |       |     1 |       |       |     1 |       |     2 |     1 ||     5
       Beef jerky        |       |       |       |     2 |     4 |     1 |       |     3 |     1 ||    11
